TOP OF THE 1ST |
Portland Sea Dogs batting - Pitching for Frisco RoughRiders : RHP Pete Rance
|
Pitching: RHP Pete Rance
|
|
Batting: RHB Matt Hinkle
|
0-0: Swinging Strike 0-1: Ball 1-1: Ground out 4-3 (Groundball, 13, EV 84.4 MPH)
|
Batting: RHB Sal Rivera
|
0-0: Called Strike 0-1: Ball 1-1: Called Strike 1-2: Foul Ball, location: 2F 1-2: Ball 2-2: Strikes out swinging, 2-3 out at first.
|
Batting: RHB Roberto Morales
|
0-0: Swinging Strike 0-1: SINGLE (Line Drive, 4M, EV 105.0 MPH)
|
Batting: LHB Frank Olivo
|
0-0: Ball 1-0: Foul Ball, location: 2F 1-1: Fly out, F9 (Line Drive, 9D, EV 86.2 MPH)
|
Top of the 1st over - 0 runs, 1 hit, 0 errors, 1 left on base; Portland 0 - Frisco 0 |
BOTTOM OF THE 1ST |
Frisco RoughRiders batting - Pitching for Portland Sea Dogs : RHP Alex Willerton
|
Pitching: RHP Alex Willerton
|
|
Batting: LHB Chris Moody
|
0-0: Ball 1-0: Called Strike 1-1: Ground out U3 (Groundball, 3, EV 83.8 MPH)
|
Batting: RHB Danny Murillo
|
0-0: Called Strike 0-1: Fly out, F7 (Line Drive, 7, EV 100.6 MPH)
|
Batting: LHB Yasahiko Teshima
|
0-0: Swinging Strike 0-1: Foul Ball, location: 2F 0-2: Strikes out swinging
|
Bottom of the 1st over - 0 runs, 0 hits, 0 errors, 0 left on base; Portland 0 - Frisco 0 |
TOP OF THE 2ND |
Portland Sea Dogs batting - Pitching for Frisco RoughRiders : RHP Pete Rance
|
Batting: RHB Carlos Nolasco
|
0-0: Ball 1-0: Ball 2-0: Foul Ball, location: 2F 2-1: Foul Ball, location: 2F 2-2: Strikes out swinging
|
Batting: RHB Andy Garvin
|
0-0: Called Strike 0-1: Swinging Strike 0-2: Ball 1-2: Strikes out swinging
|
Batting: RHB Zi-jing Wang
|
0-0: Ground out 6-3 (Groundball, 6, EV 100.6 MPH)
|
Top of the 2nd over - 0 runs, 0 hits, 0 errors, 0 left on base; Portland 0 - Frisco 0 |
BOTTOM OF THE 2ND |
Frisco RoughRiders batting - Pitching for Portland Sea Dogs : RHP Alex Willerton
|
Batting: LHB Mike Sammons
|
0-0: Foul Ball, location: 2F 0-1: Swinging Strike 0-2: Foul Ball, location: 2F 0-2: Strikes out swinging
|
Batting: RHB Chris Torlak
|
0-0: Fly out, F9 (Flyball, 9, EV 78.1 MPH)
|
Batting: RHB Carlos Lopez
|
0-0: Ground out U3 (Groundball, 3S, EV 82.5 MPH)
|
Bottom of the 2nd over - 0 runs, 0 hits, 0 errors, 0 left on base; Portland 0 - Frisco 0 |
TOP OF THE 3RD |
Portland Sea Dogs batting - Pitching for Frisco RoughRiders : RHP Pete Rance
|
Batting: RHB Alex Melendez
|
0-0: Called Strike 0-1: Ball 1-1: Ball 2-1: Fly out, F7 (Flyball, 78D, EV 93.8 MPH)
|
Batting: RHB Frank Sokolosky
|
0-0: Ball 1-0: Called Strike 1-1: Foul Ball, location: 2F 1-2: Ball 2-2: Ball 3-2: Foul Ball, location: 2F 3-2: Strikes out looking
|
Batting: RHB Matt Hinkle
|
0-0: Foul Ball, location: 2F 0-1: Ball 1-1: Swinging Strike 1-2: Foul Ball, location: 2F 1-2: Strikes out swinging
|
Top of the 3rd over - 0 runs, 0 hits, 0 errors, 0 left on base; Portland 0 - Frisco 0 |
BOTTOM OF THE 3RD |
Frisco RoughRiders batting - Pitching for Portland Sea Dogs : RHP Alex Willerton
|
Batting: RHB Josh Ferguson
|
0-0: Ball 1-0: Foul Ball, location: 2F 1-1: Foul Ball, location: 2F 1-2: Ground out 5-3 (Groundball, 5, EV 83.8 MPH)
|
Batting: RHB Salvador Caldera
|
0-0: Ball 1-0: Ground out 4-3 (Groundball, 4D, EV 106.2 MPH)
|
Batting: RHB Reilly Hawkins
|
0-0: Ball 1-0: Foul Ball, location: 2F 1-1: Ball 2-1: Ground out 5-3 (Groundball, 56, EV 102.5 MPH)
|
Bottom of the 3rd over - 0 runs, 0 hits, 0 errors, 0 left on base; Portland 0 - Frisco 0 |
TOP OF THE 4TH |
Portland Sea Dogs batting - Pitching for Frisco RoughRiders : RHP Pete Rance
|
Batting: RHB Sal Rivera
|
0-0: Swinging Strike 0-1: Ground out 5-3 (Groundball, 56, EV 98.1 MPH)
|
Batting: RHB Roberto Morales
|
0-0: Called Strike 0-1: Ball 1-1: Called Strike 1-2: SINGLE (Flyball, 6D, EV 87.5 MPH)
|
Batting: LHB Frank Olivo
|
0-0: Ball 1-0: Called Strike 1-1: Ball 2-1: Foul Ball, location: 2F 2-2: Strikes out swinging
|
Batting: RHB Carlos Nolasco
|
0-0: Ball 1-0: Ball 2-0: Foul Ball, location: 2F 2-1: Ball 3-1: Fly out, F9 (Flyball, 89M, EV 94.4 MPH)
|
Top of the 4th over - 0 runs, 1 hit, 0 errors, 1 left on base; Portland 0 - Frisco 0 |
BOTTOM OF THE 4TH |
Frisco RoughRiders batting - Pitching for Portland Sea Dogs : RHP Alex Willerton
|
Batting: LHB Chris Moody
|
0-0: Called Strike 0-1: Ground out 5-3 (Groundball, 6S, EV 85.6 MPH)
|
Batting: RHB Danny Murillo
|
0-0: Fly out, F9 (Flyball, 9D, EV 98.8 MPH)
|
Batting: LHB Yasahiko Teshima
|
0-0: Ball 1-0: Ground out 3-1 (Groundball, 34, EV 102.5 MPH)
|
Bottom of the 4th over - 0 runs, 0 hits, 0 errors, 0 left on base; Portland 0 - Frisco 0 |
TOP OF THE 5TH |
Portland Sea Dogs batting - Pitching for Frisco RoughRiders : RHP Pete Rance
|
Batting: RHB Andy Garvin
|
0-0: Ball 1-0: Called Strike 1-1: Called Strike 1-2: Foul Ball, location: 2F 1-2: Strikes out swinging
|
Batting: RHB Zi-jing Wang
|
0-0: Bunted foul 0-1: Swinging Strike 0-2: Strikes out swinging
|
Batting: RHB Alex Melendez
|
0-0: Swinging Strike 0-1: Ball 1-1: Ball 2-1: DOUBLE (Groundball, 3L, EV 103.8 MPH)
|
Batting: RHB Frank Sokolosky
|
0-0: Called Strike 0-1: Ball 1-1: Ball 2-1: Called Strike 2-2: Foul Ball, location: 2F 2-2: Strikes out swinging
|
Top of the 5th over - 0 runs, 1 hit, 0 errors, 1 left on base; Portland 0 - Frisco 0 |
BOTTOM OF THE 5TH |
Frisco RoughRiders batting - Pitching for Portland Sea Dogs : RHP Alex Willerton
|
Batting: LHB Mike Sammons
|
0-0: Ball 1-0: Fly out, F8 (Flyball, 8LXD, EV 96.9 MPH)
|
Batting: RHB Chris Torlak
|
0-0: Called Strike 0-1: Ball 1-1: Ball 2-1: Ball 3-1: Fly out, F6 (Popup, P, EV 79.4 MPH)
|
Batting: RHB Carlos Lopez
|
0-0: SOLO HOME RUN (Flyball, 78XD, EV 113.1 MPH), Distance : 448 ft
|
Batting: RHB Josh Ferguson
|
0-0: SINGLE (Groundball, 4MD, EV 111.9 MPH)
|
Batting: RHB Salvador Caldera
|
0-0: Called Strike 0-1: Ball 1-1: Ball 2-1: Foul Ball, location: 2F 2-2: Fly out, F8 (Flyball, 89M, EV 90.6 MPH)
|
Bottom of the 5th over - 1 run, 2 hits, 0 errors, 1 left on base; Portland 0 - Frisco 1 |
TOP OF THE 6TH |
Portland Sea Dogs batting - Pitching for Frisco RoughRiders : RHP Pete Rance
|
Batting: RHB Matt Hinkle
|
0-0: Called Strike 0-1: Foul Ball, location: 2F 0-2: Ball 1-2: Foul Ball, location: 2F 1-2: Strikes out swinging
|
Batting: RHB Sal Rivera
|
0-0: Ground out 5-3 (Groundball, 5S, EV 86.2 MPH)
|
Batting: RHB Roberto Morales
|
0-0: Ball 1-0: Foul Ball, location: 2F 1-1: Ball 2-1: Called Strike 2-2: Foul Ball, location: 2F 2-2: Ball 3-2: Foul Ball, location: 2F 3-2: Ground out 6-3 (Groundball, 6, EV 82.5 MPH)
|
Top of the 6th over - 0 runs, 0 hits, 0 errors, 0 left on base; Portland 0 - Frisco 1 |
BOTTOM OF THE 6TH |
Frisco RoughRiders batting - Pitching for Portland Sea Dogs : RHP Alex Willerton
|
Batting: RHB Reilly Hawkins
|
0-0: Called Strike 0-1: Called Strike 0-2: Fly out, F7 (Flyball, 7D, EV 89.4 MPH)
|
Batting: LHB Chris Moody
|
0-0: Ball 1-0: Swinging Strike 1-1: Ball 2-1: Foul Ball, location: 2F 2-2: Ball 3-2: Base on Balls
|
Batting: RHB Danny Murillo
|
0-0: Called Strike 0-1: Ball 1-1: Called Strike 1-2: Foul Ball, location: 2F 1-2: Strikes out swinging
|
Batting: LHB Yasahiko Teshima
|
0-0: Ball 1-0: Foul Ball, location: 2F 1-1: Foul Ball, location: 2F 1-2: Ball Chris Moody steals 2nd base 2-2: Ball Passed Ball! Chris Moody to third 3-2: Base on Balls
|
Batting: LHB Mike Sammons
|
0-0: Called Strike 0-1: Ball 1-1: Foul Ball, location: 2F 1-2: Ball 2-2: Strikes out swinging
|
Bottom of the 6th over - 0 runs, 0 hits, 0 errors, 2 left on base; Portland 0 - Frisco 1 |
TOP OF THE 7TH |
Portland Sea Dogs batting - Pitching for Frisco RoughRiders : RHP Pete Rance
|
Now at 1B: Reilly Hawkins
|
|
Now at 2B: Andrew Clarke
|
|
Batting: LHB Frank Olivo
|
0-0: Swinging Strike 0-1: Fly out, F9 (Flyball, 9D, EV 86.9 MPH)
|
Batting: RHB Carlos Nolasco
|
0-0: Called Strike 0-1: Ball 1-1: Swinging Strike 1-2: Foul Ball, location: 2F 1-2: Strikes out swinging
|
Pinch Hitting: LHB Noel Young
|
0-0: Called Strike 0-1: Ball 1-1: Ball 2-1: DOUBLE (Flyball, 78D, EV 110.0 MPH)
|
Pinch Hitting: LHB Julian Toney
|
0-0: Ball 1-0: Swinging Strike 1-1: Fly out, F7 (Flyball, 7D, EV 85.0 MPH)
|
Top of the 7th over - 0 runs, 1 hit, 0 errors, 1 left on base; Portland 0 - Frisco 1 |
BOTTOM OF THE 7TH |
Frisco RoughRiders batting - Pitching for Portland Sea Dogs : RHP Alex Willerton
|
Now at 1B: Parker Lowe
|
|
Now in CF: Sal Rivera
|
|
Now in RF: Julian Toney
|
|
Batting: RHB Chris Torlak
|
0-0: Called Strike 0-1: Swinging Strike 0-2: Ball 1-2: DOUBLE (Groundball, 5L, EV 108.1 MPH)
|
Batting: RHB Carlos Lopez
|
0-0: Ball 1-0: Fly out, F8 (Flyball, 8LM, EV 85.6 MPH)
|
Batting: RHB Josh Ferguson
|
0-0: Called Strike Chris Torlak steals 3rd base 0-1: Ball 1-1: Swinging Strike 1-2: Foul Ball, location: 2F 1-2: Ball 2-2: Ball 3-2: Fly out, F8 (Flyball, 8LD, EV 96.2 MPH) Runner from 3rd tags up, SCORES, no throw by CF
|
Batting: RHB Salvador Caldera
|
0-0: Ball 1-0: Called Strike 1-1: Called Strike 1-2: Ball 2-2: SINGLE (Line Drive, 56D, EV 95.6 MPH)
|
Batting: RHB Reilly Hawkins
|
0-0: Called Strike 0-1: Fielders Choice at 2nd, 6-4 (Groundball, 6, EV 80.0 MPH)
|
Bottom of the 7th over - 1 run, 2 hits, 0 errors, 1 left on base; Portland 0 - Frisco 2 |
TOP OF THE 8TH |
Portland Sea Dogs batting - Pitching for Frisco RoughRiders : RHP Pete Rance
|
Batting: RHB Alex Melendez
|
0-0: Ball 1-0: Called Strike 1-1: Ground out 6-3 (Groundball, 56D, EV 84.4 MPH)
|
Pinch Hitting: LHB Sergio Tinoco
|
0-0: Ball 1-0: Ball 2-0: Ground out 5-3 (Groundball, 5S, EV 73.1 MPH)
|
Batting: RHB Matt Hinkle
|
0-0: Ball 1-0: Fly out, F7 (Flyball, 78XD, EV 93.1 MPH)
|
Top of the 8th over - 0 runs, 0 hits, 0 errors, 0 left on base; Portland 0 - Frisco 2 |
BOTTOM OF THE 8TH |
Frisco RoughRiders batting - Pitching for Portland Sea Dogs : RHP Alex Willerton
|
Now at SS: Nick Cottrell
|
|
Batting: LHB Chris Moody
|
0-0: Swinging Strike 0-1: Foul Ball, location: 2F 0-2: Ground out 6-3 (Groundball, 6, EV 86.2 MPH)
|
Pitching: RHP John LaMotte
|
|
Batting: RHB Danny Murillo
|
0-0: Ground out 5-3 (Groundball, 56S, EV 76.2 MPH)
|
Batting: RHB Andrew Clarke
|
0-0: Called Strike 0-1: Ball 1-1: Ball 2-1: SINGLE (Groundball, 56D, EV 106.2 MPH)
|
Batting: LHB Mike Sammons
|
0-0: Ball Andrew Clarke steals 2nd base 1-0: Ball 2-0: Ball 3-0: Called Strike 3-1: Called Strike 3-2: Strikes out swinging
|
Bottom of the 8th over - 0 runs, 1 hit, 0 errors, 1 left on base; Portland 0 - Frisco 2 |
TOP OF THE 9TH |
Portland Sea Dogs batting - Pitching for Frisco RoughRiders : RHP Pete Rance
|
Pitching: RHP Kurt Vitta
|
|
Batting: RHB Sal Rivera
|
0-0: Ball 1-0: Ball 2-0: Ball 3-0: Called Strike 3-1: Base on Balls
|
Batting: RHB Roberto Morales
|
0-0: Called Strike 0-1: Ball 1-1: 2-RUN HOME RUN (Flyball, 7D, EV 102.5 MPH), Distance : 405 ft
|
Batting: LHB Frank Olivo
|
0-0: Called Strike 0-1: Swinging Strike 0-2: Ball 1-2: Ball 2-2: Foul Ball, location: 2F 2-2: Strikes out swinging, 2-3 out at first.
|
Batting: RHB Carlos Nolasco
|
0-0: Ball 1-0: Swinging Strike 1-1: Ground out 6-3 (Groundball, 6M, EV 83.8 MPH)
|
Batting: LHB Parker Lowe
|
0-0: Ball 1-0: Called Strike 1-1: Ball 2-1: Ball 3-1: Foul Ball, location: 2F 3-2: SINGLE (Groundball, 56D, EV 105.0 MPH)
|
Batting: LHB Julian Toney
|
0-0: Ball 1-0: Fly out, F7 (Flyball, 7D, EV 98.1 MPH)
|
Top of the 9th over - 2 runs, 2 hits, 0 errors, 1 left on base; Portland 2 - Frisco 2 |
BOTTOM OF THE 9TH |
Frisco RoughRiders batting - Pitching for Portland Sea Dogs : RHP John LaMotte
|
Batting: RHB Chris Torlak
|
0-0: Swinging Strike 0-1: Ball 1-1: Ground out U3 (Groundball, 34, EV 85.6 MPH)
|
Batting: RHB Carlos Lopez
|
0-0: Called Strike 0-1: Ball 1-1: Foul Ball, location: 2F 1-2: Strikes out looking
|
Batting: LHB Manuel Arguello
|
0-0: Foul Ball, location: 2F 0-1: Ball 1-1: Foul Ball, location: 2F 1-2: Ball 2-2: Fly out, F7 (Flyball, 7LSF, EV 85.0 MPH)
|
Bottom of the 9th over - 0 runs, 0 hits, 0 errors, 0 left on base; Portland 2 - Frisco 2 |
TOP OF THE 10TH |
Portland Sea Dogs batting - Pitching for Frisco RoughRiders : RHP Kurt Vitta
|
Pitching: RHP Takehide Tanaka
|
|
Batting: RHB Alex Melendez
|
0-0: Ball 1-0: Swinging Strike 1-1: Fly out, F7 (Flyball, 7, EV 89.4 MPH)
|
Pinch Hitting: LHB Eddie Contreras
|
0-0: Swinging Strike 0-1: Called Strike 0-2: Ball 1-2: Ball 2-2: Strikes out swinging
|
Batting: RHB Matt Hinkle
|
0-0: Foul Ball, location: 2F 0-1: Ground out 5-3 (Groundball, 5, EV 86.2 MPH)
|
Top of the 10th over - 0 runs, 0 hits, 0 errors, 0 left on base; Portland 2 - Frisco 2 |
BOTTOM OF THE 10TH |
Frisco RoughRiders batting - Pitching for Portland Sea Dogs : RHP John LaMotte
|
Pitching: RHP Pedro Torres
|
|
Now at SS: Larry Brocato
|
|
Batting: RHB Salvador Caldera
|
0-0: Ball 1-0: Foul Ball, location: 2F 1-1: Foul Ball, location: 2F 1-2: Ground out 6-3 (Groundball, 56, EV 82.5 MPH)
|
Batting: RHB Reilly Hawkins
|
0-0: Called Strike 0-1: Called Strike 0-2: Strikes out looking
|
Batting: LHB Chris Moody
|
0-0: Called Strike 0-1: Ball 1-1: Ball 2-1: Swinging Strike 2-2: Ball 3-2: Ground out 6-3 (Groundball, 6M, EV 111.2 MPH)
|
Bottom of the 10th over - 0 runs, 0 hits, 0 errors, 0 left on base; Portland 2 - Frisco 2 |
TOP OF THE 11TH |
Portland Sea Dogs batting - Pitching for Frisco RoughRiders : RHP Takehide Tanaka
|
Batting: RHB Sal Rivera
|
0-0: Ground out U3 (Groundball, 3, EV 105.0 MPH)
|
Batting: RHB Roberto Morales
|
0-0: Foul Ball, location: 2F 0-1: Ball 1-1: Ball 2-1: Foul Ball, location: 2F 2-2: Foul Ball, location: 2F 2-2: Foul Ball, location: 2F 2-2: Strikes out looking
|
Batting: LHB Frank Olivo
|
0-0: Ball 1-0: Called Strike 1-1: Fly out, F8 (Line Drive, 8RM, EV 85.0 MPH)
|
Top of the 11th over - 0 runs, 0 hits, 0 errors, 0 left on base; Portland 2 - Frisco 2 |
BOTTOM OF THE 11TH |
Frisco RoughRiders batting - Pitching for Portland Sea Dogs : RHP Pedro Torres
|
Batting: RHB Danny Murillo
|
0-0: Ball 1-0: Ball 2-0: Ball 3-0: Base on Balls
|
Batting: RHB Andrew Clarke
|
0-0: Ball 1-0: Ball 2-0: SINGLE (Line Drive, 4M, EV 98.8 MPH) Danny Murillo to second
|
Batting: LHB Mike Sammons
|
0-0: Foul Ball, location: 2F 0-1: Ball 1-1: Ball 2-1: SINGLE (Groundball, 4MD, EV 98.8 MPH) Danny Murillo to third Andrew Clarke to second Runner from 3rd tries for Home, throw by CF and OUT! 8-2 Andrew Clarke to third Mike Sammons to second
|
Batting: RHB Chris Torlak
|
0-0: Fielders Choice at home, 5-2 (Groundball, 56S, EV 79.4 MPH) Mike Sammons to third
|
Batting: RHB Carlos Lopez
|
0-0: Called Strike 0-1: Fielders Choice at 2nd, 5-4 (Groundball, 5, EV 105.0 MPH)
|
Bottom of the 11th over - 0 runs, 2 hits, 0 errors, 2 left on base; Portland 2 - Frisco 2 |
TOP OF THE 12TH |
Portland Sea Dogs batting - Pitching for Frisco RoughRiders : RHP Takehide Tanaka
|
Batting: RHB Carlos Nolasco
|
0-0: Called Strike 0-1: Ground out 6-3 (Groundball, 56, EV 84.4 MPH)
|
Batting: LHB Parker Lowe
|
0-0: Foul Ball, location: 2F 0-1: Called Strike 0-2: Ball 1-2: Strikes out swinging
|
Batting: LHB Julian Toney
|
0-0: Foul Ball, location: 2F 0-1: Ball 1-1: Foul Ball, location: 2F 1-2: Ball 2-2: Ball 3-2: Foul Ball, location: 2F 3-2: Foul Ball, location: 2F 3-2: Foul Ball, location: 2F 3-2: Strikes out looking
|
Top of the 12th over - 0 runs, 0 hits, 0 errors, 0 left on base; Portland 2 - Frisco 2 |
BOTTOM OF THE 12TH |
Frisco RoughRiders batting - Pitching for Portland Sea Dogs : RHP Pedro Torres
|
Pitching: RHP Juan Mejia
|
|
Batting: LHB Manuel Arguello
|
0-0: Called Strike 0-1: Foul Ball, location: 2F 0-2: Reaches on Catchers interference
|
Batting: RHB Salvador Caldera
|
0-0: Called Strike 0-1: Ball Manuel Arguello is caught stealing 2nd base 2-4 1-1: Ball 2-1: Swinging Strike 2-2: Foul Ball, location: 2F 2-2: Strikes out swinging, 2-3 out at first.
|
Batting: RHB Reilly Hawkins
|
0-0: Ball 1-0: Foul Ball, location: 2F 1-1: Fly out, F9 (Flyball, 9D, EV 99.4 MPH)
|
Bottom of the 12th over - 0 runs, 0 hits, 1 error, 0 left on base; Portland 2 - Frisco 2 |
TOP OF THE 13TH |
Portland Sea Dogs batting - Pitching for Frisco RoughRiders : RHP Takehide Tanaka
|
Batting: RHB Alex Melendez
|
0-0: Foul Ball, location: 2F 0-1: Ball 1-1: Ball 2-1: Foul Ball, location: 2F 2-2: Foul Ball, location: 2F 2-2: Ball 3-2: Foul Ball, location: 2F 3-2: Foul Ball, location: 2F 3-2: Foul Ball, location: 2F 3-2: Foul Ball, location: 2F 3-2: Ground out 2-3 (Groundball, 2R, EV 66.9 MPH)
|
Batting: RHB Larry Brocato
|
0-0: Ball 1-0: Called Strike 1-1: Fly out, F8 (Flyball, 8LXD, EV 104.4 MPH)
|
Batting: RHB Matt Hinkle
|
0-0: Ball 1-0: Swinging Strike 1-1: Fly out, F8 (Flyball, 8LS, EV 85.6 MPH)
|
Top of the 13th over - 0 runs, 0 hits, 0 errors, 0 left on base; Portland 2 - Frisco 2 |
BOTTOM OF THE 13TH |
Frisco RoughRiders batting - Pitching for Portland Sea Dogs : RHP Juan Mejia
|
Batting: LHB Chris Moody
|
0-0: Ball 1-0: Called Strike 1-1: Fly out, F8 (Flyball, 8RM, EV 93.8 MPH)
|
Batting: RHB Danny Murillo
|
0-0: Ground out 4-3 (Groundball, 4S, EV 67.5 MPH)
|
Batting: RHB Andrew Clarke
|
0-0: Ball 1-0: Ball 2-0: Ground out 4-3 (Groundball, 4, EV 101.2 MPH)
|
Bottom of the 13th over - 0 runs, 0 hits, 0 errors, 0 left on base; Portland 2 - Frisco 2 |
TOP OF THE 14TH |
Portland Sea Dogs batting - Pitching for Frisco RoughRiders : RHP Takehide Tanaka
|
Batting: RHB Sal Rivera
|
0-0: Ball 1-0: Ball 2-0: Ball 3-0: Called Strike 3-1: Base on Balls
|
Pitching: RHP Raul Sanchez
|
|
Batting: RHB Roberto Morales
|
0-0: Ball Sal Rivera is caught stealing 2nd base 2-4 1-0: Called Strike 1-1: Swinging Strike 1-2: Ground out 6-3 (Groundball, 6, EV 103.1 MPH)
|
Batting: LHB Frank Olivo
|
0-0: Foul Ball, location: 2F 0-1: Swinging Strike 0-2: Foul Ball, location: 2F 0-2: Ball 1-2: Fly out, F3 (Popup, 3L, EV 79.4 MPH)
|
Top of the 14th over - 0 runs, 0 hits, 0 errors, 0 left on base; Portland 2 - Frisco 2 |
BOTTOM OF THE 14TH |
Frisco RoughRiders batting - Pitching for Portland Sea Dogs : RHP Juan Mejia
|
Batting: LHB Mike Sammons
|
0-0: SINGLE (Groundball, 34D, EV 97.5 MPH)
|
Batting: RHB Chris Torlak
|
0-0: Ball Wild Pitch! Mike Sammons to second 1-0: SINGLE (Groundball, 4MS, EV 63.1 MPH) (infield hit) Mike Sammons to third
|
Batting: RHB Carlos Lopez
|
0-0: Called Strike Chris Torlak steals 2nd base (no throw) 0-1: Foul Ball, location: 2F 0-2: Ball 1-2: Foul Ball, location: 2F 1-2: Ball 2-2: Ball 3-2: Fielders Choice at home, 4-2 (Groundball, 6, EV 103.8 MPH) Chris Torlak to third
|
Pitching: RHP Jose Escobar
|
|
Batting: LHB Manuel Arguello
|
0-0: Swinging Strike 0-1: Ball Passed Ball! Chris Torlak scores
|
Bottom of the 14th over - 1 run, 2 hits, 0 errors, 1 left on base; Portland 2 - Frisco 3 |
|